 Dungeon Crawl Stone Soup version 0.23.2-40-g277498a001 (webtiles) character file.

Game seed: 11055351992879341613

15205 MrBoozer the Basher (level 12, 0/78 HPs)
             Began as a Gargoyle Berserker on Oct 4, 2019.
             Was a High Priest of Trog.
             Slain by an orc warlord
             ... wielding a +0 dire flail
              (1 damage)
             ... on level 1 of the Orcish Mines.
             The game lasted 00:51:28 (9299 turns).

MrBoozer the Basher (Gargoyle Berserker)            Turns: 9299, Time: 00:51:58

Health: 0/78       AC: 38    Str: 25    XL:     12   Next: 24%
Magic:  12/12      EV:  9    Int:  9    God:    Trog [*****.]
Gold:   876        SH:  5    Dex:  9    Spells: 11/11 levels left

rFire    + . .     SeeInvis +   N - +6 eveningstar (protect)
rCold    . . .     Gourm    .   (no shield)
rNeg     + . .     Faith    .   F - +0 plate armour
rPois    ∞         Spirit   .   h - +0 helmet
rElec    +         Reflect  +   G - +1 cloak
rCorr    .         Harm     .   m - +0 pair of gloves
MR       ++...                  s - +1 pair of boots {Stlth+}
Stlth    ..........             p - +5 amulet of reflection
HPRegen  1.23/turn              d - ring of see invisible
MPRegen  0.13/turn              D - ring of protection from fire

@: protection aura, very slightly contaminated, regenerating, slowed, very slow
A: negative energy resistance 1, electricity resistance, unbreathing,
petrification resistance, rot immunity, AC +8
a: Berserk, Trog's Hand, Brothers in Arms, Renounce Religion


You were on level 1 of the Orcish Mines.
You worshipped Trog.
Trog was extremely pleased with you.
You were near starving.

You visited 2 branches of the dungeon, and saw 12 of its levels.

You collected 876 gold pieces.

Inventory:

Hand Weapons
 a - a +0 mace
 y - a +0 flail of draining
 N - a +6 eveningstar of protection (weapon)
Armour
 h - a +0 helmet (worn)
 m - a +0 pair of gloves (worn)
 s - a +1 pair of boots of stealth (worn)
 F - a +0 plate armour (worn)
 G - a +1 cloak (worn)
Jewellery
 d - a ring of see invisible (left hand)
 p - a +5 amulet of reflection (around neck)
 q - an uncursed ring of ice
 D - a ring of protection from fire (right hand)
Wands
 l - a wand of digging (5)
 o - a wand of paralysis (6)
 I - a wand of random effects (26)
 J - a wand of polymorph (18)
 Q - a wand of disintegration (9)
 R - a wand of enslavement (8)
Scrolls
 b - 2 scrolls of noise
 e - a scroll of fear
 f - 3 scrolls of remove curse
 i - 5 scrolls of identify
 t - 7 scrolls of teleportation
 u - a scroll of enchant armour
 B - 4 scrolls of magic mapping
 L - 2 scrolls of random uselessness {unknown}
Potions
 g - 3 potions of haste
 j - 2 potions of brilliance {unknown}
 k - a potion of agility {unknown}
 n - 2 potions of might {unknown}
 r - 3 potions of invisibility {unknown}
 v - a potion of resistance
 x - 2 potions of cancellation {unknown}
 z - a potion of ambrosia {unknown}
 A - 2 potions of lignification {unknown}
 E - a potion of flight {unknown}
 H - 2 potions of berserk rage {unknown}
 K - 2 potions of mutation {unknown}
 M - 3 potions of degeneration {unknown}
 P - a potion of heal wounds {unknown}
Comestibles
 c - 24 rations


   Skills:
 + Level 10.5 Fighting
 + Level 13.9 Maces & Flails
 + Level 9.8 Armour
 + Level 4.4 Dodging
 + Level 1.3 Stealth


You had 11 spell levels left.
You didn't know any spells.
Your spell library was empty.

Dungeon Overview and Level Annotations

Branches:
Dungeon (11/15)            Temple (0/1) D:6            Lair (0/6) D:11
    Orc (1/2) D:11

Altars:
Ashenzari
Dithmenos
Fedhas
Gozag
Kikubaaqudgha
Okawaru
Ru
Trog

Shops:
D:7 [   D:10 *


Innate Abilities, Weirdness & Mutations

You are resistant to torment.
Your stone body is resilient. (AC +8)
You are immune to poison.
You resist negative energy. (rN+)
You are resistant to electric shocks. (rElec)
You can survive without breathing.
You are immune to petrification.
You are immune to rotting.


Message History

The orc no longer looks unusually strong.
The orc warlord roars a battlecry!
Something hits your ogre but does no damage.
Your ogre rages.
You bludgeon the orc warlord!!
Your weapon exudes an aura of protection.
The orc warlord is severely wounded.
The orc wizard no longer looks unusually strong.
Your ogre barely misses the orc.
The orc warlord hits you with a +0 dire flail.
* * * LOW HITPOINT WARNING * * *
You're too hungry.
You barely miss the orc warlord.
The orc warlord is severely wounded.
Your ogre rages.
The orc warlord hits you with a +0 dire flail.
* * * LOW HITPOINT WARNING * * *
Your ogre barely misses the orc.
The orc warlord hits you with a +0 dire flail.
You die...

. ... ##.#..# ##.#...##
...#...# #...#..## ..
###.......### .
##..O.....##.## .#
#.ooo.#.....<.##.##
##@###...o.))##....
####....#.).^.#... ###
###...)().......
##.###.....))........ ###
#...........o........ #...
####......#.............
....o#.......................
.......).)...................
...o.ooo.)......#............


You could see an orc warlord, an orc wizard, an orc and a friendly ogre
(berserk).

Vanquished Creatures
  Fannar (D:10)
  A hydra (D:11)
  3 two-headed ogres
  A centaur warrior (D:11)
  Urug (D:11)
  A cyclops (D:11)
  A manticore (D:11)
  A gargoyle (D:11)
  A kobold demonologist (D:11)
  2 trolls (D:11)
  A hippogriff (D:8)
  A wyvern (D:8)
  6 yaks (D:11)
  Grum (D:10)
  A hungry ghost (D:11)
  A warg (Orc:1)
  2 soldier ants (D:8)
  Duvessa (D:7)
  A water moccasin (D:8)
  4 ice beasts
  5 sky beasts
  A hornet zombie (D:8)
  3 black bears
  A necrophage (D:7)
  10 orc warriors
  A phantom (D:6)
  4 wolves
  7 ogres
  5 centaurs
  A crocodile (D:9)
  2 big kobolds
  4 bullfrogs
  A gnoll sergeant (D:11)
  Dowan (D:7)
  4 scorpions
  A wyvern skeleton (D:9)
  4 killer bees (D:9)
  3 wights (D:9)
  5 howler monkeys
  4 electric eels (D:11)
  3 crimson imps
  A quasit (D:10)
  2 centaur zombies
  A gnoll shaman (D:8)
  8 hounds
  9 orc priests
  5 jellies
  14 orc wizards
  A centaur skeleton (D:3)
  An iguana (D:4)
  2 bullfrog skeletons
  Natasha (thrice) (D:3)
  10 worker ants
  A hound zombie (D:10)
  A howler monkey skeleton (D:10)
  6 adders
  15 gnolls
  4 shadow imps
  An ooze (D:1)
  A worm (D:4)
  6 leopard geckos
  35 orcs
  5 bats
  7 giant cockroaches
  4 goblins
  11 hobgoblins
  8 jackals
  15 kobolds
  2 quokkas
  2 ball pythons
  8 frilled lizards
  A quokka skeleton (D:9)
  A quokka zombie (D:5)
  10 rats
  A bush (D:8)
304 creatures vanquished.

Vanquished Creatures (collateral kills)
  An orc wizard (Orc:1)
  3 orcs (Orc:1)
4 creatures vanquished.

Vanquished Creatures (others)
  2 kobolds (D:10)
2 creatures vanquished.

Grand Total: 310 creatures vanquished

Notes
Turn   | Place    | Note
-------+----------+-------------------------------------------
     0 | D:1      | MrBoozer the Gargoyle Berserker began the quest for the
                  | Orb.
     0 | D:1      | Reached XP level 1. HP: 14/14 MP: 1/1
   101 | D:1      | Reached XP level 2. HP: 7/19 MP: 2/2
   539 | D:1      | Reached XP level 3. HP: 23/24 MP: 3/3
  1004 | D:2      | Reached XP level 4. HP: 26/29 MP: 4/4
  1088 | D:2      | Reached ** piety under Trog
  1271 | D:2      | Found a sacrificial altar of Ru.
  1609 | D:3      | Reached skill level 4 in Maces & Flails
  1609 | D:3      | Reached XP level 5. HP: 22/33 MP: 5/5
  1661 | D:3      | Noticed Natasha
  1668 | D:3      | Killed Natasha
  1903 | D:3      | Noticed Natasha
  1916 | D:3      | Killed Natasha
  1929 | D:3      | You fall through a shaft for 3 floors!
  1930 | D:6      | Noticed a phantom
  1951 | D:6      | Reached XP level 6. HP: 15/38 MP: 6/6
  1964 | D:6      | Noticed a sky beast
  1964 | D:6      | Noticed a sky beast
  2010 | D:6      | Killed a sky beast
  2010 | D:6      | Reached skill level 5 in Maces & Flails
  2010 | D:6      | Reached XP level 7. HP: 22/44 MP: 7/7
  2132 | D:6      | Found a staircase to the Ecumenical Temple.
  2237 | D:6      | Found a shadowy altar of Dithmenos.
  2381 | D:5      | Entered Level 5 of the Dungeon
  2436 | D:5      | Reached skill level 5 in Fighting
  2550 | D:5      | Reached skill level 6 in Maces & Flails
  2550 | D:5      | Reached XP level 8. HP: 19/49 MP: 8/8
  2634 | D:5      | Reached *** piety under Trog
  3046 | D:4      | Reached skill level 5 in Armour
  3388 | D:4      | Found a shattered altar of Ashenzari.
  3544 | D:4      | Reached skill level 7 in Maces & Flails
  3752 | D:3      | Found an opulent altar of Gozag.
  3833 | D:3      | Noticed Natasha
  3846 | D:3      | Killed Natasha
  4257 | D:7      | Found an ancient bone altar of Kikubaaqudgha.
  4527 | D:7      | Reached XP level 9. HP: 55/55 MP: 9/9
  4596 | D:7      | Reached skill level 8 in Maces & Flails
  4614 | D:7      | Found Tery's Armour Shoppe.
  4735 | D:7      | Noticed Dowan
  4736 | D:7      | Noticed Duvessa
  4758 | D:7      | Killed Duvessa
  4764 | D:7      | Killed Dowan
  4764 | D:7      | Reached **** piety under Trog
  5015 | D:8      | Noticed a two-headed ogre
  5046 | D:8      | Killed a two-headed ogre
  5046 | D:8      | Reached skill level 9 in Maces & Flails
  5052 | D:8      | Reached skill level 1 in Stealth
  5452 | D:8      | Reached XP level 10. HP: 39/63 MP: 10/10
  5507 | D:8      | Found a blossoming altar of Fedhas.
  5532 | D:8      | Reached skill level 10 in Maces & Flails
  5642 | D:8      | Found a bloodstained altar of Trog.
  6590 | D:9      | Reached ***** piety under Trog
  6661 | D:9      | Found a flagged portal.
  6843 | D:9      | Reached skill level 11 in Maces & Flails
  6965 | D:9      | Found an iron altar of Okawaru.
  6966 | D:9      | Found an ancient bone altar of Kikubaaqudgha.
  6966 | D:9      | Noticed a two-headed ogre
  6976 | D:9      | Killed a two-headed ogre
  7067 | D:10     | Entered Level 10 of the Dungeon
  7104 | D:10     | Noticed Grum
  7133 | D:10     | Killed Grum
  7271 | D:10     | Noticed Fannar
  7307 | D:10     | Killed Fannar
  7307 | D:10     | Reached XP level 11. HP: 26/69 MP: 11/11
  7341 | D:10     | Found Iwkirpheu's General Store.
  7378 | D:10     | Found a shattered altar of Ashenzari.
  7406 | D:10     | Reached skill level 12 in Maces & Flails
  8097 | D:11     | Noticed a cyclops
  8108 | D:11     | Noticed Urug
  8124 | D:11     | Killed a cyclops
  8138 | D:11     | Killed Urug
  8387 | D:11     | Found a staircase to the Lair.
  8668 | D:11     | Noticed a centaur warrior
  8688 | D:11     | Killed a centaur warrior
  8688 | D:11     | Reached skill level 13 in Maces & Flails
  8723 | D:11     | Noticed a five-headed hydra
  8724 | D:11     | Noticed a two-headed ogre
  8735 | D:11     | Killed a five-headed hydra
  8740 | D:11     | Killed a two-headed ogre
  8740 | D:11     | Reached skill level 10 in Fighting
  8777 | D:11     | Noticed a manticore
  8795 | D:11     | Killed a manticore
  8795 | D:11     | Reached XP level 12. HP: 36/77 MP: 12/12
  9095 | D:11     | Received a gift from Trog
  9163 | D:11     | Found a staircase to the Orcish Mines.
  9174 | Orc:1    | Entered Level 1 of the Orcish Mines
  9241 | Orc:1    | Noticed an orc warlord
  9291 | Orc:1    | HP: 2/78 [orc warlord/+0 dire flail (12)]
  9299 | Orc:1    | HP: 1/78 [orc warlord/+0 dire flail (6)]
  9299 | Orc:1    | Slain by an orc warlord

Skill      XL: |  1  2  3  4  5  6  7  8  9 10 11 |
---------------+----------------------------------+-----
Dodging        | 2 3 4 |  4.4
Fighting       | 4 5 7 8 10 | 10.5
Armour         | 3 4 6 7 8 9 |  9.8
Maces & Flails | 4 5 6 7 9 11 13 | 13.9
Stealth        | 1 |  1.3

Action                   |  1- 3 |  4- 6 |  7- 9 | 10-12 || total
-------------------------+-------+-------+-------+-------++-------
Melee: Mace              |   105 |   139 |    72 |       ||   316
       Flail             |       |       |   344 |   459 ||   803
       Eveningstar       |       |       |       |   258 ||   258
Invok: Berserk           |       |     1 |     2 |     2 ||     5
       Trog's Hand       |       |     1 |       |     3 ||     4
       Brothers in Arms  |       |       |       |     1 ||     1
  Use: Scroll            |     3 |       |     9 |     4 ||    16
       Potion            |       |     2 |       |     4 ||     6
  Eat: Chunk             |       |     4 |    14 |    13 ||    31
       Ration            |       |       |       |     1 ||     1
Armor: Animal skin       |    14 |       |       |       ||    14
       Ring mail         |    32 |    77 |     4 |       ||   113
       Scale mail        |       |       |    68 |       ||    68
       Chain mail        |       |       |    41 |       ||    41
       Plate armour      |       |       |   125 |   569 ||   694
Dodge: Dodged            |    64 |    76 |   174 |   312 ||   626
Block: Other             |       |    29 |   101 |   186 ||   316
       Reflection        |       |       |       |    10 ||    10
